 Dungeon Crawl Stone Soup version 0.22-a0-274-gf8199ec (webtiles) character file.

4765 Amnesiac the Destroyer (level 10, 0/59 HPs)
             Began as a Deep Elf Wizard on Mar 15, 2018.
             Was a Priest of Sif Muna.
             Slain by a warg (10 damage)
             ... on level 8 of the Dungeon.
             The game lasted 00:16:52 (9154 turns).

Amnesiac the Destroyer (Deep Elf Wizard)            Turns: 9154, Time: 00:16:52

Health: 0/59       AC: 12    Str:  4    XL:     10   Next: 23%
Magic:  0/35       EV: 10    Int: 30    God:    Sif Muna [***...]
Gold:   142        SH:  9    Dex: 15    Spells: 18/29 levels left

rFire    . . .     SeeInvis .   E - +0 dagger (drain)
rCold    . . .     Gourm    .   w - +0 buckler
rNeg     . . .     Faith    .   l - +4 ring mail of the Solstice {Int+3}
rPois    .         Spirit   +   (helmet restricted)
rElec    .         Reflect  .   G - +0 cloak
rCorr    +         Harm     .   h - +1 pair of gloves
MR       +....     Rnd*Tele +   (no boots)
Stlth    ++........             f - amulet of guardian spirit
HPRegen  0.19/turn              q - ring of resist corrosion
MPRegen  0.24/turn              z - ring of magical power

@: divine energy
A: horns 1, large bone plates 1, thin skeletal structure 1, teleportitis 1,
evolution 1
a: Stop Divine Energy, Channel Magic, Renounce Religion


You were on level 8 of the Dungeon.
You worshipped Sif Muna.
Sif Muna was most pleased with you.
You were not hungry.

You visited 2 branches of the dungeon, and saw 10 of its levels.

You collected 417 gold pieces.
You spent 275 gold pieces at shops.

Inventory:

Hand Weapons
 C - a +2 war axe of chopping
 E - a +0 dagger of draining (weapon)
Missiles
 D - 6 curare-tipped needles
Armour
 h - a +1 pair of gloves (worn)
 k - the +0 helmet of Impatience {rF+ Int+4 SInv}
   (You bought it in a shop on level 5 of the Dungeon)

   It affects your intelligence (+4).
   It protects you from fire.
   It lets you see invisible.
 l - the +4 ring mail of the Solstice (worn) {Int+3}
   (You found it on level 6 of the Dungeon)

   It affects your intelligence (+3).
 p - a +2 helmet of intelligence
 w - a +0 buckler (worn)
 G - a +0 cloak (worn)
Jewellery
 f - an amulet of guardian spirit (around neck)
 q - a ring of resist corrosion (left hand)
 z - a ring of magical power (right hand)
Wands
 r - a wand of enslavement (18)
 v - a wand of paralysis (30)
 y - a wand of polymorph (10)
Scrolls
 a - 4 scrolls of identify {!r}
 g - a scroll of teleportation {!r}
 n - a scroll of enchant armour {!r}
 o - 8 scrolls of remove curse {!r}
 t - a scroll of blinking {!r}
 x - 4 scrolls of fog {!r}
 A - 3 scrolls of amnesia {!r}
 F - a scroll of summoning {!r}
Potions
 b - 2 potions of magic {!q}
 c - a potion of agility {!q}
 e - a potion of might {!q}
 i - 3 potions of flight {!q}
 j - a potion of lignification {!q}
 m - a potion of resistance {!q}
 s - a potion of brilliance {!q}
 u - a potion of invisibility {!q}
 B - 2 potions of curing {!q}
Comestibles
 d - 9 rations
 H - 5 chunks of flesh


   Skills:
 - Level 5.0 Fighting
 - Level 5.0 Dodging
 - Level 2.4 Stealth
 - Level 4.0 Shields
 + Level 10.1 Spellcasting
 * Level 10.8 Conjurations
 - Level 1.1 Summonings
 - Level 1.1 Translocations


You had 18 spell levels left.
You knew the following spells:

 Your Spells              Type           Power        Failure   Level  Hunger
a - Magic Dart            Conj           ####         1%          1    None
b - Call Imp              Summ           ###.....     21%         2    None
e - Mephitic Cloud        Conj/Pois/Air  #####...     14%         3    None
s - Conjure Flame         Conj/Fire      #####...     7%          3    None
v - Blink                 Tloc           N/A          21%         2    None


Dungeon Overview and Level Annotations

Branches:
Dungeon (9/15)             Temple (1/1) D:5
   Lair: D:8-11         Orc: D:9-12

Altars:
Cheibriados
Dithmenos
Fedhas
Kikubaaqudgha
Makhleb
Sif Muna
Trog
Xom

Shops:
D:5 [   D:6 *

Annotations:
D:4 1 exclusion


Innate Abilities, Weirdness & Mutations

You have a pair of small horns on your head.
You are partially covered in large bone plates. (SH +4)
You have a somewhat thin skeletal structure. (Dex +2, Stealth)
You are occasionally teleported next to monsters.
You evolve.


Message History

The magic dart hits the warg.
The warg is heavily wounded.
Casting: Magic Dart (safe; 1% risk of failure)
Confirm with . or Enter, or press ? or * to list all spells.
Aiming: Magic Dart (safe; 1% risk of failure)
Press: ? - help, Shift-Dir - straight line, f/p - warg
Aim: a warg (heavily wounded)
The magic dart hits the warg.
The warg is heavily wounded.
Casting: Magic Dart (safe; 1% risk of failure)
Confirm with . or Enter, or press ? or * to list all spells.
Aiming: Magic Dart (safe; 1% risk of failure)
Press: ? - help, Shift-Dir - straight line, f/p - warg
Aim: a warg (heavily wounded)
The magic dart hits the warg.
The warg is heavily wounded.
Sif Muna grants you divine energy.
You briefly lose access to your magic!
You are unable to access your magic!
You are unable to access your magic!
You regain access to your magic.
Casting: Magic Dart (safe; 1% risk of failure)
Confirm with . or Enter, or press ? or * to list all spells.
Aiming: Magic Dart (safe; 1% risk of failure)
Press: ? - help, Shift-Dir - straight line, f/p - warg
Aim: a warg (heavily wounded)
The magic dart hits the warg.
The warg is severely wounded.
The warg bites you!
* * * LOW HITPOINT WARNING * * *
The warg barely misses you.
Casting: Magic Dart (safe; 1% risk of failure)
Confirm with . or Enter, or press ? or * to list all spells.
Aiming: Magic Dart (safe; 1% risk of failure)
Press: ? - help, Shift-Dir - straight line, f/p - warg
Aim: a warg (severely wounded)
The magic dart hits the warg.
The warg is almost dead.
Sif Muna grants you divine energy.
You briefly lose access to your magic!
The warg bites you.
* * * LOW HITPOINT WARNING * * *
You are unable to access your magic!
You block the warg's attack.
You are unable to access your magic!
You regain access to your magic.
Casting: Magic Dart (safe; 1% risk of failure)
Confirm with . or Enter, or press ? or * to list all spells.
Aiming: Magic Dart (safe; 1% risk of failure)
Press: ? - help, Shift-Dir - straight line, f/p - warg
Aim: a warg (almost dead)
The magic dart hits the warg.
The warg is almost dead.
The warg barely misses you.
Unknown command.
You block the warg's attack.
Casting: Magic Dart (safe; 1% risk of failure)
Confirm with . or Enter, or press ? or * to list all spells.
Aiming: Magic Dart (safe; 1% risk of failure)
Press: ? - help, Shift-Dir - straight line, f/p - warg
Aim: a warg (almost dead)
The magic dart hits the warg.
The warg is almost dead.
The warg bites you!
You die...

#)# #.# #.###.# #####
##########.#..o# #...##
#..........#.### #.....
#..........#.##### #.....
#..........#...o.# #.....
#..........#####.### #.....
#........>.h.#..รท..#
####+#.. #..(.......#@#.#.#o#
#...5>..
#..........#.#...#.###'##5...
#.........##.##..........##.#
#........<....#..###.....##.#
###############..........##.#
#.#####....##.. #.# #....####
####+#####....#
#.............#


You could see a warg.

Vanquished Creatures
  A two-headed ogre (D:8)
  A hippogriff (D:8)
  A wyvern (D:6)
  A water moccasin (D:8)
  An ice beast (D:9)
  3 ogres
  5 phantoms
  4 centaurs
  3 bullfrogs
  A gnoll sergeant (D:6)
  A scorpion (D:5)
  5 killer bees (D:8)
  4 howler monkeys
  4 wights (D:7)
  A bullfrog zombie (D:7)
  5 crimson imps
  A centaur zombie (D:7)
  A quasit (D:7)
  3 hounds
  Crazy Yiuf (D:6)
  A bullfrog skeleton (D:6)
  A centaur skeleton (D:8)
  7 orc wizards
  3 orc priests
  5 iguanas
  9 worker ants
  A hound zombie (D:6)
  4 hound skeletons
  Robin (D:2)
  2 worker ant zombies
  5 gnolls (D:6)
  A howler monkey skeleton (D:6)
  8 adders
  3 shadow imps
  3 oozes
  An adder zombie (D:6)
  A worm (D:2)
  3 dart slugs
  3 leopard geckos
  18 orcs
  6 bats
  6 giant cockroaches
  15 goblins
  9 hobgoblins
  10 jackals
  2 kobolds
  2 quokkas
  2 ball pythons
  4 frilled lizards
  A quokka skeleton (D:5)
  A quokka zombie (D:6)
  2 rats (D:3)
187 creatures vanquished.

Vanquished Creatures (collateral kills)
  The ghost of Amnesiac the Magician, an amateur DEWz (D:3)
  The ghost of Amnesiac the Conjurer, an amateur DEWz (D:5)
  A warg (D:8)
  A scorpion (D:9)
  A crimson imp (Temple)
5 creatures vanquished.

Vanquished Creatures (others)
  A killer bee (D:8)
1 creature vanquished.

Grand Total: 193 creatures vanquished

Notes
Turn   | Place    | Note
-------+----------+-------------------------------------------
     0 | D:1      | Amnesiac the Deep Elf Wizard began the quest for the Orb.
     0 | D:1      | Reached XP level 1. HP: 10/10 MP: 7/7
    13 | D:2      | Reached XP level 2. HP: 10/16 MP: 0/9
    17 | D:2      | Learned a level 2 spell: Blink
    20 | D:2      | Learned a level 2 spell: Call Imp
   138 | D:1      | Reached skill level 1 in Fighting
   802 | D:2      | Found a faded altar of an unknown god.
   807 | D:2      | Reached XP level 3. HP: 20/20 MP: 2/11
   812 | D:2      | Learned a level 3 spell: Conjure Flame
   816 | D:2      | Learned a level 3 spell: Mephitic Cloud
  1625 | D:3      | Noticed Amnesiac's ghost (amateur DEWz)
  1968 | D:3      | Reached XP level 4. HP: 26/26 MP: 7/12
  1978 | D:3      | Noticed Robin
  2020 | D:2      | Killed Robin
  2600 | D:3      | Killed Amnesiac's ghost
  2600 | D:3      | Reached XP level 5. HP: 23/31 MP: 3/13
  3140 | D:4      | Reached XP level 6. HP: 34/36 MP: 7/15
  3241 | D:4      | Reached skill level 5 in Spellcasting
  3467 | D:4      | Reached skill level 5 in Conjurations
  3575 | D:4      | Reached XP level 7. HP: 22/43 MP: 3/16
  3768 | D:4      | Found a bloodstained altar of Trog.
  3770 | D:4      | Noticed a wizard
  4213 | D:5      | Entered Level 5 of the Dungeon
  4438 | D:5      | Reached skill level 5 in Fighting
  4438 | D:5      | Reached skill level 5 in Dodging
  4473 | D:5      | Found a staircase to the Ecumenical Temple.
  4480 | Temple   | Entered the Ecumenical Temple
  4487 | Temple   | Became a worshipper of Sif Muna the Loreminder
  4678 | D:5      | Reached XP level 8. HP: 47/49 MP: 18/18
  4727 | D:5      | Noticed Amnesiac's ghost (amateur DEWz)
  5043 | D:5      | Killed Amnesiac's ghost
  5241 | D:5      | Reached * piety under Sif Muna
  5287 | D:5      | Found Tel Qirch's Antique Armour Boutique.
  5638 | D:5      | Bought a twisted helmet for 209 gold pieces
  5638 | D:5      | Identified the cursed +0 helmet of Impatience {rF+ Int+4 SInv} (You bought it in a shop on level 5 of the Dungeon)
  5678 | D:6      | Got a steaming ring mail
  5689 | D:6      | Identified the +4 ring mail of the Solstice {Int+3} (You found it on level 6 of the Dungeon)
  6114 | D:6      | Reached skill level 1 in Shields
  6218 | D:6      | Found a runed door.
  6344 | D:6      | Reached XP level 9. HP: 54/54 MP: 23/23
  6364 | D:6      | Got a distressingly furry scale mail
  6564 | D:6      | Found Siogiowe's Assorted Antiques.
  6589 | D:6      | Bought a scroll labeled SEP RUOHIGG for 35 gold pieces
  6869 | D:6      | Noticed Crazy Yiuf
  6886 | D:6      | Killed Crazy Yiuf
  6907 | D:6      | Identified the +1 scale mail "Uxu Teur" {rElec} (You found it on level 6 of the Dungeon)
  7027 | D:7      | Reached ** piety under Sif Muna
  7082 | D:7      | Found a snail-covered altar of Cheibriados.
  7283 | D:6      | Bought a green potion for 31 gold pieces
  7310 | D:7      | Gained mutation: You evolve. [potion of mutation]
  7310 | D:7      | Gained mutation: You are occasionally teleported next to monsters. [potion of mutation]
  7310 | D:7      | Gained mutation: You have a somewhat thin skeletal structure. (Dex +2, Stealth) [potion of mutation]
  7310 | D:7      | Gained mutation: You have a pair of small horns on your head. [potion of mutation]
  7547 | D:7      | Gained mutation: You are partially covered in large bone plates. (SH +4) [evolution]
  8102 | D:8      | Noticed a two-headed ogre
  8133 | D:8      | Killed a two-headed ogre
  8133 | D:8      | Reached *** piety under Sif Muna
  8133 | D:8      | Reached skill level 10 in Conjurations
  8133 | D:8      | Reached XP level 10. HP: 36/59 MP: 7/25
  8874 | D:9      | Reached skill level 10 in Spellcasting
  9154 | D:8      | Slain by a warg

Vault maps used:
D:1:      dpeg_arrival_pits
D:2:      chequers_ecumenical_altar_island
D:3:      uniq_robin
D:4:      cheibrodos_old_hovel, grunt_ministairs_4, st_stairs_3, trog_wizard
D:5:      minmay_temple_entry_statues_pillars, serial_shops,
          nicolae_shop_overgrown_old_shop, first_ration
D:6:      serial_shops, nicolae_shop_overgrown_old_shop, uniq_crazy_yiuf_cottage
D:7:      old_standard_altar
D:9:      erik_lair_orcish_takeover
Temple:   nicolae_temple_the_god_donut

Skill      XL: |  1  2  3  4  5  6  7  8  9 10 |
---------------+-------------------------------+-----
Fighting       | 1 2 4 5 |  5.0
Conjurations   | 2 4 5 8 10 | 10.8
Spellcasting   | 5 8 9 10 | 10.1
Dodging        | 4 5 |  5.0
Shields        | 1 4 |  4.0
Stealth        | |  2.4
Summonings     | |  1.1
Translocations | |  1.1

Action                   |  1- 3 |  4- 6 |  7- 9 | 10-12 || total
-------------------------+-------+-------+-------+-------++-------
Melee: Unarmed           |     5 |     7 |       |       ||    12
       Falchion          |       |    14 |     1 |       ||    15
       War axe           |       |       |    94 |       ||    94
       Dagger            |       |       |       |     3 ||     3
 Cast: Magic Dart        |   114 |   117 |   418 |   137 ||   786
       Call Imp          |       |     7 |     6 |     8 ||    21
       Mephitic Cloud    |       |     3 |    10 |     1 ||    14
       Conjure Flame     |       |     1 |     5 |     1 ||     7
       Blink             |       |       |     3 |     2 ||     5
Invok: Divine Energy     |       |       |     1 |       ||     1
  Use: Scroll            |     7 |     2 |     3 |     2 ||    14
       Potion            |       |     1 |     5 |       ||     6
 Stab: Distracted        |       |     1 |       |       ||     1
       Confused          |       |       |     5 |       ||     5
  Eat: Chunk             |     3 |     5 |    10 |     4 ||    22
       Ration            |       |       |     1 |       ||     1
Armor: Robe              |    13 |    17 |    20 |       ||    50
       Ring mail         |       |       |   109 |    33 ||   142
Dodge: Dodged            |    36 |    29 |   159 |    44 ||   268
Block: Buckler           |       |       |    34 |    49 ||    83
       Rpst.: Falchion   |       |     3 |     8 |       ||    11

Table legend:
 A = Spawn XP
 B = Non-spawn XP
 C = Spawn XP percentage of total XP
 D = Spawn monster count
 E = Non-spawn monster count
 F = Spawn count percentage of total count
 G = Total turns spent on level
                    A         B        C        D         E        F      G
               +---------+---------+-------+---------+---------+-------+---------
         Total |       0 |    6808 |   0.0 |       0 |     193 |   0.0 |  9154
               +---------+---------+-------+---------+---------+-------+---------
           D:1 |       0 |      23 |   0.0 |       0 |      11 |   0.0 |   700
           D:2 |       0 |      62 |   0.0 |       0 |      22 |   0.0 |  1374
           D:3 |       0 |     276 |   0.0 |       0 |      31 |   0.0 |   983
           D:4 |       0 |     729 |   0.0 |       0 |      18 |   0.0 |  1156
           D:5 |       0 |     787 |   0.0 |       0 |      23 |   0.0 |  1296
           D:6 |       0 |    1165 |   0.0 |       0 |      31 |   0.0 |  1392
           D:7 |       0 |    1325 |   0.0 |       0 |      26 |   0.0 |   942
           D:8 |       0 |    2054 |   0.0 |       0 |      21 |   0.0 |  1026
           D:9 |       0 |     346 |   0.0 |       0 |       9 |   0.0 |   123
        Temple |       0 |      41 |   0.0 |       0 |       1 |   0.0 |   162
               +---------+---------+-------+---------+---------+-------+---------
